Map: Newkirk Precinct TE (Void)

Players

NAstrats

  • Race: Terran Terran
  • League: Master
  • Spawn Location: 7:00

Railgan - Winner!

  • Race: Zerg Zerg
  • League: Grandmaster
  • Spawn Location: 5:00

VOD

Have the link to the VOD?

Description

Time

  • Played on: March 21, 2017, 7:35 p.m.
  • Length: 15:38
Show
View Real Time Build Order
Export as new Build Order

NAstrats Terran 

Build Orders: Reaper Expand, MMM Bio 

Get SALT Encoding   

  12  0:00  SCV  
  13  0:13  SCV  
  14  0:18  Supply Depot  
  14  0:25  SCV  
  15  0:40  SCV  
  15  0:41  Barracks  
  16  0:46  Refinery  
  16  0:52  SCV  
  17  1:04  SCV  
  18  1:16  SCV  
  19  1:29  Orbital Command  
  19  1:30  Reaper  
  20  1:43  Command Center  
  20  1:54  SCV  
  20  2:00  Barracks  
  21  2:03  Barracks Reactor  
  21  2:07  SCV  
  22  2:11  Refinery  
  22  2:18  Supply Depot  
  22  2:19  SCV  
  23  2:34  Factory  
  23  2:40  SCV  
  24  2:45  Marine x2  
  24  2:50  Barracks Tech Lab  
  26  2:52  SCV  
  26  2:56  Orbital Command  
  27  3:03  Marine  
  27  3:04  Marine, SCV  
  30  3:11  Stimpack  
  30  3:13  Marine  
  31  3:20  Starport  
  31  3:23  SCV  
  31  3:25  SCV  
  33  3:27  Marine  
  33  3:33  Marine, Factory Reactor  
  35  3:35  Marine  
  35  3:38  SCV x2  
  38  3:45  Marine  
  39  3:50  SCV  
  39  3:52  SCV  
  39  3:53  Supply Depot  
  39  3:55  Marine  
  41  3:56  Marine  
  41  4:02  SCV  
  44  4:03  Marine  
  44  4:04  SCV  
  46  4:11  Supply Depot  
  46  4:15  Medivac x2, SCV  
  51  4:18  Marine  
  51  4:21  Widow Mine  
  54  4:31  Supply Depot  
  54  4:32  Marine x2  
  54  4:33  SCV  
  54  4:35  SCV  
  59  4:45  SCV  
  59  4:46  Supply Depot  
  59  4:48  SCV  
  59  4:50  Marine  
  60  4:57  SCV  
  61  5:00  Engineering Bay, SCV  
  61  5:01  Liberator  
  61  5:04  Engineering Bay  
  62  5:07  Marine x2  
  62  5:09  SCV  
  62  5:12  SCV  
  62  5:13  Command Center  
  66  5:17  Refinery  
  66  5:18  Medivac  
  71  5:21  SCV, Combat Shields  
  71  5:24  SCV  
  73  5:31  Terran Infantry Weapons Level 1  
  73  5:33  Marine, SCV  
  73  5:34  Marine  
  76  5:37  Refinery, SCV  
  76  5:41  Supply Depot  
  77  5:44  Marine  
  77  5:45  Supply Depot  
  78  5:51  Terran Infantry Armor Level 1  
  78  5:52  Liberator  
  78  6:03  Marine, SCV x2  
  81  6:18  SCV  
  81  6:20  SCV  
  80  6:30  Barracks x2  
  80  6:31  Barracks, SCV  
  81  6:33  Orbital Command  
  81  6:35  SCV  
  81  6:36  Marine  
  81  6:37  Marine  
  84  6:43  Medivac  
  84  6:44  Marine  
  84  6:45  Factory Reactor  
  84  6:46  SCV  
  88  6:48  SCV  
  89  6:56  Marine x2, Orbital Command  
  89  6:57  Medivac  
  89  6:58  SCV  
  89  7:00  SCV  
  95  7:10  SCV  
  95  7:12  SCV  
  95  7:13  Supply Depot  
  95  7:14  Marine x3  
  100  7:15  Medivac  
  100  7:16  Supply Depot  
  100  7:22  SCV  
  86  7:33  Marine x2  
  86  7:36  Barracks Reactor x2  
  84  7:37  Barracks Reactor  
  84  7:38  SCV  
  84  7:39  SCV x2  
  84  7:42  Armory  
  87  7:48  Marine, Widow Mine x2  
  87  7:50  Medivac, SCV  
  87  7:51  Medivac, Marine x2  
  97  7:52  SCV  
  97  7:57  SCV  
  101  8:02  SCV  
  102  8:05  Marine  
  102  8:06  SCV  
  102  8:09  Marine, SCV  
  106  8:15  SCV  
  106  8:16  Supply Depot x2  
  106  8:17  Marine x7  
  106  8:18  Barracks  
  106  8:19  Barracks  
  114  8:23  Marine, Widow Mine x2  
  114  8:24  Medivac  
  121  8:27  Marine  
  121  8:28  SCV  
  123  8:34  Marine  
  121  8:47  Marine  
  119  8:53  Marine x8, Widow Mine  
  119  8:54  Widow Mine, Unknown x2  
  131  8:56  SCV  
  108  9:03  SCV  
  108  9:07  Barracks Tech Lab, SCV  
  106  9:14  Medivac x2, Marine  
  106  9:15  Marine x8  
  114  9:22  Barracks Tech Lab  
  114  9:28  Refinery  
  114  9:29  Widow Mine x2, Starport  
  118  9:32  Marine x2  
  118  9:33  Marine, Terran Infantry Weapons Level 2, Terran Infantry Armor Level 2  
  118  9:36  Marine x2  
  123  9:48  Marine x6, Liberator  
  123  9:50  Marine, Concussive Shells  
  130  10:01  Command Center  
  130  10:02  Marine x2  
  130  10:03  Widow Mine  
  130  10:04  Marine x2  
  130  10:06  Marauder, Starport Reactor  
  141  10:10  Refinery  
  141  10:12  Sensor Tower  
  141  10:24  Supply Depot  
  141  10:26  Supply Depot  
  141  10:27  Marine x2, Widow Mine, Marauder x2, Supply Depot  
  149  10:29  Marine  
  149  10:31  Marine x2  
  149  10:32  Marine  
  149  10:36  Liberator x2  
  149  10:41  Fusion Core  
  149  10:43  Starport  
  149  10:45  Marine x2  
  149  10:46  Marauder, SCV x2  
  149  10:49  Marine x2, Refinery  
  156  10:50  Marauder  
  160  11:14  Refinery  
  160  11:16  Marine x2  
  161  11:22  Terran Ship Weapons Level 1  
  161  11:23  Starport Tech Lab, Liberator x4  
  161  11:27  Marine, Marauder  
  160  11:38  Marine  
  160  11:39  Marine  
  164  11:40  Marauder  
  176  11:48  Marine  
  176  11:49  Marauder  
  176  11:53  Marine, Marauder  
  143  11:54  Marine  
  143  11:55  Marine  
  143  11:56  Marine x3, Widow Mine  
  143  11:57  Widow Mine  
  143  12:00  Planetary Fortress  
  154  12:01  Marauder  
  154  12:03  Missile Turret, SCV  
  154  12:06  Liberator  
  155  12:12  Marine  
  155  12:13  Terran Infantry Weapons Level 3  
  156  12:19  Missile Turret  
  156  12:22  Liberator x2  
  156  12:24  Advanced Ballistics  
  156  12:26  Marine x10  
  169  12:31  Marine  
  170  12:44  Marine x2  
  178  12:51  Marine  
  178  12:52  Marine x2, Marauder  
  180  12:58  Ghost Academy  
  180  13:05  Barracks  
  180  13:07  Supply Depot  
  180  13:08  Supply Depot x2  
  180  13:16  Terran Vehicle And Ship Armor Level 1  
  180  13:19  SCV x2  
  166  13:20  Marine x2, Marauder x3  
  166  13:26  Marine  
  132  13:27  Marine  
  132  13:29  Marine x2  
  132  13:30  Marine  
  112  13:34  Marine  
  112  13:38  Marine  
  112  13:41  Marine, Marauder x2  
  94  13:42  Marauder  
  94  13:47  Marine x2  
  95  13:52  Marine x2  
  99  14:03  Marine, Marauder x2  
  99  14:04  Marine x4  
  101  14:10  SCV  
  101  14:16  Orbital Command  
  101  14:19  Marine x4  
  101  14:21  Marine  
  101  14:22  SCV  
  107  14:24  Marine  
  108  14:32  Missile Turret, SCV  
  108  14:34  SCV  
  110  14:45  SCV x2  
  112  14:46  SCV  
  112  14:48  Marine  
  114  14:53  Marine  
  114  14:54  Marine, Marauder  
  114  14:57  Marine x3, Marauder, SCV  
  124  15:04  Ghost, Barracks Tech Lab  
  126  15:08  SCV x2  
  126  15:09  SCV  
  129  15:20  SCV  
Show
View Real Time Build Order
Export as new Build Order

Railgan Zerg - Winner!

Build Orders: Pool First 

Get SALT Encoding   

  12  0:02  Drone  
  13  0:14  Overlord  
  13  0:18  Drone  
  14  0:32  Drone  
  14  0:33  Drone  
  16  0:41  Drone  
  17  0:49  Spawning Pool  
  17  0:50  Drone  
  17  1:00  Drone  
  18  1:16  Extractor, Hatchery  
  16  1:20  Drone  
  16  1:22  Drone  
  18  1:30  Drone  
  19  1:36  Queen  
  21  1:41  Zergling x2  
  22  1:51  Overlord  
  22  2:10  Drone  
  22  2:12  Drone, Queen  
  26  2:27  Drone  
  26  2:30  Drone, Queen  
  26  2:32  Metabolic Boost  
  29  2:38  Drone  
  29  2:39  Overlord  
  30  2:47  Drone  
  30  2:48  Drone x2  
  33  2:52  Drone x2  
  35  3:04  Zergling x4  
  37  3:12  Drone, Overlord  
  38  3:24  Evolution Chamber, Drone  
  38  3:25  Drone x4  
  38  3:26  Evolution Chamber  
  41  3:37  Drone x2  
  41  3:38  Drone x3  
  46  3:52  Zerg Melee Weapons Level 1, Zerg Ground Armor Level 1  
  46  3:58  Drone x4  
  46  4:01  Extractor x2  
  46  4:02  Extractor  
  47  4:04  Drone  
  47  4:05  Overlord  
  47  4:08  Zergling x4  
  50  4:12  Zergling x4  
  50  4:14  Overlord  
  50  4:16  Overlord  
  52  4:23  Overlord, Queen  
  54  4:28  Drone  
  55  4:35  Drone x4  
  59  4:40  Drone  
  59  4:43  Lair  
  59  4:45  Drone  
  61  4:49  Zergling x2  
  61  4:50  Zergling x4  
  61  4:51  Zergling x2  
  65  4:58  Queen  
  67  5:02  Zergling x2  
  67  5:03  Zergling x6  
  67  5:06  Overlord  
  71  5:09  Zergling x2  
  70  5:16  Zergling x8  
  74  5:21  Overlord  
  74  5:31  Zergling x2  
  75  5:36  Queen  
  75  5:37  Baneling Nest  
  76  5:43  Queen  
  76  5:46  Drone  
  76  5:48  Zerg Ground Armor Level 2, Zerg Melee Weapons Level 2  
  76  5:49  Infestation Pit  
  78  5:53  Drone  
  79  6:03  Zergling x2  
  80  6:10  Hatchery  
  77  6:14  Drone, Zergling x2  
  77  6:15  Zergling x6  
  81  6:21  Centrifical Hooks  
  78  6:29  Drone  
  79  6:33  Pathogen Glands  
  79  6:34  Hive  
  79  6:37  Drone, Spore Crawler  
  79  6:38  Zergling x6  
  82  6:42  Overlord  
  82  6:48  Burrow  
  82  6:49  Baneling x5  
  82  6:50  Spore Crawler  
  82  6:52  Overseer  
  81  6:58  Drone  
  82  7:10  Zergling x2  
  72  7:40  Infestor x5  
  72  7:42  Drone x8  
  89  7:45  Overlord  
  89  7:49  Overlord  
  89  7:50  Queen  
  91  7:51  Overlord  
  91  7:55  Ultralisk Cavern, Drone  
  91  7:56  Drone x5, Overlord  
  94  8:11  Zergling x2  
  94  8:12  Zergling x6  
  98  8:17  Extractor  
  98  8:19  Extractor  
  96  8:23  Spire  
  96  8:26  Baneling x7  
  95  8:27  Zergling x6  
  95  8:31  Hatchery  
  95  8:32  Zergling x2  
  95  8:33  Zergling x6  
  101  8:43  Overlord  
  100  8:53  Drone x3  
  96  9:05  Zergling x10  
  96  9:06  Zergling x6  
  104  9:14  Zergling x8  
  104  9:16  Chitinous Plating  
  108  9:18  Zerg Ground Armor Level 3  
  108  9:20  Drone x2  
  108  9:21  Zerg Melee Weapons Level 3  
  110  9:25  Zergling x6  
  110  9:27  Baneling  
  110  9:28  Baneling x4  
  113  9:36  Zergling x2  
  113  9:37  Zergling x2  
  115  9:40  Zergling x2  
  115  9:43  Zerg Flyer Weapons Level 1  
  115  9:52  Ultralisk  
  121  9:59  Drone x3  
  125  10:00  Drone  
  125  10:01  Drone  
  125  10:02  Extractor x2  
  130  10:07  Ultralisk  
  130  10:13  Baneling x5  
  130  10:14  Baneling x2  
  130  10:17  Zergling x4  
  130  10:18  Drone x2  
  130  10:20  Spine Crawler  
  130  10:21  Drone x2  
  135  10:23  Spore Crawler  
  135  10:25  Overlord  
  135  10:26  Adrenal Glands  
  134  10:34  Corruptor x2  
  138  10:36  Drone x4  
  138  10:38  Drone x2  
  144  10:44  Overlord  
  144  10:46  Ultralisk  
  144  10:47  Zergling x4  
  150  11:09  Ultralisk  
  150  11:10  Overlord x2, Zergling x6  
  159  11:16  Overlord x2  
  159  11:18  Overlord  
  158  11:19  Pneumatized Carapace  
  158  11:21  Overlord  
  157  11:28  Overlord x2  
  157  11:33  Zergling x4  
  157  11:34  Corruptor x3  
  157  11:36  Hatchery  
  164  11:53  Zergling x24  
  155  11:57  Corruptor  
  155  11:58  Corruptor x2  
  155  12:00  Zergling x4  
  160  12:02  Baneling x3  
  160  12:08  Zergling x6  
  161  12:11  Baneling  
  161  12:12  Baneling x3  
  161  12:13  Baneling x4  
  163  12:18  Zergling x4  
  164  12:25  Zergling x2  
  165  12:35  Zergling x12  
  171  12:42  Zergling x14  
  178  12:48  Zergling x2  
  178  12:49  Zergling x8  
  172  12:52  Corruptor  
  172  12:53  Zergling x2  
  172  12:55  Zerg Flyer Weapons Level 2  
  171  13:05  Zergling x8  
  174  13:23  Zergling x20  
  174  13:25  Zergling x4  
  174  13:26  Corruptor  
  170  13:30  Zergling x2  
  144  13:36  Corruptor  
  144  13:37  Ultralisk x2  
  144  13:38  Zergling x2  
  155  13:42  Ultralisk  
  155  13:44  Ultralisk  
  155  13:45  Zergling x4  
  162  13:58  Zergling x2  
  162  14:10  Overseer x2  
  162  14:16  Zergling x12  
  168  14:22  Extractor  
  168  14:23  Baneling  
  168  14:24  Baneling x11  
  167  14:26  Spine Crawler  
  167  14:27  Extractor, Drone x3  
  167  14:28  Drone x3  
  167  14:29  Overlord  
  171  14:41  Zergling x6  
  171  14:42  Hatchery  
  173  14:57  Hatchery, Ultralisk x3  
  173  14:58  Zergling x8  
  194  15:01  Infestor x5  
  194  15:08  Overlord  
  194  15:20  Zergling x2  
  194  15:21  Zergling x6  
  197  15:23  Baneling x3  
Tags
 
Add a new tag
Caveats
  • Supply blocks, unpowered buildings, or Contaminate may cause inaccurate times.
  • Supply counts are checked every 10 seconds.